 Dungeon Crawl Stone Soup version 0.28-a0-1234-g826d19b2e0 (console) character file.

Game seed: 10519064234252035330

6806 petzl the Magician (level 11, -7/81 HPs)
             Began as a Formicid Arcane Marksman on Dec 23, 2021.
             Was a Follower of Vehumet.
             Mangled by a deep troll (glowing shapeshifter) (11 damage)
             ... on level 8 of the Dungeon on Dec 30, 2021.
             The game lasted 01:19:15 (15473 turns).

petzl the Magician (Formicid Arcane Marksman)      Turns: 15473, Time: 01:19:15

Health: -7/81      AC: 12    Str: 14    XL:     11   Next: 25%
Magic:  20/21      EV: 12    Int: 18    God:    Vehumet [*.....]
Gold:   378        SH:  0    Dex: 11    Spells: 14/24 levels left

rFire   . . .      SeeInvis +   a - +4 quarterstaff (chaos)
rCold   . . .      Faith    .   (no shield)
rNeg    . . .      Spirit   .   g - +1 ring mail of Gifim {rElec}
rPois   .          Reflect  .   (helmet unavailable)
rElec   +          Harm     .   M - +1 cloak
rCorr   .          Rampage  .   (no gloves)
Will    ++...                   (no boots)
Stlth   +++.......              h - amulet of regeneration
HPRegen 1.03/turn               Y - ring of willpower
MPRegen 0.17/turn               D - ring of flight

@: ice-armoured, flying
A: permanent stasis, dig shafts and tunnels, antennae 3, four strong arms
a: Dig, Shaft Self, Renounce Religion


You were on level 8 of the Dungeon.
You worshipped Vehumet.
Vehumet was aware of your devotion.
You visited 2 branches of the dungeon, and saw 11 of its levels.

You collected 591 gold pieces.
You spent 213 gold pieces at shops.

Inventory:

Hand Weapons
 a - a +4 quarterstaff of chaos (weapon)
 b - a +3 hand crossbow of flaming
 c - a +0 shortbow
 f - a +1 whip of holy wrath
 E - a +0 vorpal scimitar
 R - a +2 rapier of speed
 T - a +0 short sword of protection
 W - a +2 short sword of flaming
Missiles
 u - 90 arrows
 w - 67 bolts
 N - 71 poisoned darts
 O - 3 atropa-tipped darts (quivered)
Armour
 g - the +1 ring mail of Gifim (worn) {rElec}
   (You found it on level 6 of the Dungeon)

   rElec:     It insulates you from electricity.
 n - a +0 kite shield
 K - +0 acid dragon scales
 M - a +1 cloak (worn)
 P - a +2 leather armour of fire resistance
 Z - a +0 tower shield
Jewellery
 h - an amulet of regeneration (around neck)
 i - an amulet of magic regeneration
 k - a ring of wizardry
 q - a ring of protection from fire
 r - a ring of ice
 D - a ring of flight (right hand)
 Y - a ring of willpower (left hand)
Wands
 o - a wand of iceblast (2)
 x - a wand of polymorph (20)
 U - a wand of flame (7)
Scrolls
 d - 3 scrolls of amnesia {unknown}
 l - 3 scrolls of immolation
 m - a scroll of noise {unknown}
 s - a scroll of silence
 t - a scroll of torment {unknown}
 F - a scroll of holy word
 G - a scroll of fear
 H - 2 scrolls of magic mapping
 I - a scroll of summoning
 Q - a scroll of enchant weapon
Potions
 e - 3 potions of brilliance
 j - a potion of resistance {unknown}
 p - 2 potions of might
 v - 3 potions of flight
 z - 2 potions of degeneration {unknown}
 A - a potion of cancellation {unknown}
 B - 2 potions of ambrosia {unknown}
 C - 3 potions of attraction
 J - 3 potions of curing
 S - a potion of lignification {unknown}
 X - a potion of mutation {unknown}
Miscellaneous
 V - a box of beasts (inert)


   Skills:
 + Level 6.0 Fighting
 + Level 3.0 Staves
 - Level 4.0 Crossbows
 - Level 5.0 Armour
 - Level 5.0 Dodging
 + Level 6.6 Stealth
 - Level 4.0 Shields
 * Level 7.0 Spellcasting
 * Level 5.6 Conjurations
 - Level 3.7 Hexes
 + Level 2.4 Ice Magic
 + Level 3.5 Air Magic
 - Level 4.0 Evocations


You had 14 spell levels left.
You knew the following spells:

 Your Spells              Type           Power      Damage    Failure   Level
a - Slow                  Hex            76%        N/A       4%          1
b - Magic Dart            Conj           100%       1d8       1%          1
c - Lightning Bolt        Conj/Air       11%        1d24      65%         5
A - Ozocubu's Armour      Ice            15%        N/A       22%         3

Your spell library contained the following spells:

 Spells                   Type           Power      Damage    Failure   Level
 Inner Flame              Hex/Fire       13%        N/A       28%         3
 Portal Projectile        Hex/Tloc       26%        N/A       28%         3
 Cause Fear               Hex            9%         N/A       41%         4
 Airstrike                Air            9%         N/A       43%         4
 Summon Lightning Spire   Summ/Air       12%        N/A       69%         4
 Metabolic Englaciation   Hex/Ice        8%         N/A       85%         5
 Simulacrum               Ice/Necr       5%         N/A       100%        6


Dungeon Overview and Level Annotations

Branches:
Dungeon (10/15)            Temple (1/1) D:5            Lair (0/6) D:9
    Orc: D:9-12

Altars:
Dithmenos
Fedhas
Kikubaaqudgha
Makhleb
Nemelex Xobeh
Okawaru
Qazlal
Ru
Sif Muna
Trog
Uskayaw
Vehumet
Wu Jian
Xom
The Shining One

Shops:
D:5 ?   D:8 =

Annotations:
D:4 Pargi
D:7 exclusion: 2 downstairs, Joseph
D:8 ! 4 doors lotta danger
D:9 exclusion: downstairs
D:10 exclusion: centaur warrior


Innate Abilities, Weirdness & Mutations

You cannot be hasted, slowed, berserked, paralysed or teleported.
You can dig through walls and to a lower floor.
You have a pair of large antennae on your head. (SInv)
Your four strong arms can wield two-handed weapons with a shield.


Message History

You feel a little less mighty now.
Throw: 5 darts (atropa)
Press: ? - help, Q - select action, (/) - cycle Shift-Dir - straight line, f/p - troll
Aim: a troll (59% to hit, chance to blind on hit: 39%)
You throw an atropa-tipped dart.
The atropa-tipped dart barely misses the troll.
Throw: 4 darts (atropa)
Press: ? - help, Q - select action, (/) - cycle Shift-Dir - straight line, f/p - troll
Aim: a troll (59% to hit, chance to blind on hit: 39%)
You throw an atropa-tipped dart. The atropa-tipped dart hits the troll.
The troll resists.
You barely miss the troll. The troll bites you. The troll claws you! x2
You hit the troll.
The troll seems to slow down.
The troll is lightly wounded.
The troll bites you! The troll claws you but does no damage.
The troll barely misses you.
You hit the troll but do no damage.
The troll is poisoned.
The troll is lightly wounded.
The troll is no longer moving slowly.
You hit the troll. You freeze the troll.
The troll is moderately wounded.
The troll bites you. The troll barely misses you.
The troll claws you but does no damage.
You barely miss the troll.
The troll is moderately wounded.
The troll bites you but does no damage. The troll claws you.
The troll closely misses you. The troll bites you but does no damage.
The troll barely misses you. The troll claws you.
You hit the troll but do no damage.
The troll changes into a glowing shapeshifter!
The glowing shapeshifter is lightly wounded.
The glowing shapeshifter changes into a deep troll!
You closely miss the deep troll. The deep troll bites you.
The deep troll claws you! x2
You barely miss the deep troll. The deep troll bites you!
* * * LOW HITPOINT WARNING * * *
The deep troll claws you.
* * * LOW HITPOINT WARNING * * *
The deep troll barely misses you.
You open the lid... ...and a larval shockox beast leaps out!
The box is emptied!
The deep troll bites you!
* * * LOW HITPOINT WARNING * * *
The deep troll claws you!
You die...

..............#..######...#.....#..##......###
...............#..........#..#..#..##.....##
............#............##.##...#..#....)[#####
............#.##..##.....##.###..#..........##.##
...................##...T.O<.#..#...............#
.......##..###.....##.....#.....................#
...........# #...........###...............#....
.##...(..######..##.......# ####.........<.......
#######..###..............###.##...........#.>...
# ##..#.............................###........##
###.................................# ##......##
#.##.).............................######...###
#............#.....................##...)....#
.....)......###..........................#..##
.[)..........##........................######
>)###.........##...(.(...............### ..#
#.........#.......(.............##
..###"..#..............T............##
...#########............@..<.#.......# )...#
#.......##...H......###.....# (...#
#.#...#.###.........# #..(..# ..###
#..#.#..###........## #....### ..#
#...∩..[.###........# #......# ### #..#.#..##
###......# ##...### ##.#...#.# ##.|.[...## ##.##
#........####.........## ###
#..........#...........#
###.....................#
#.###...................###
##.#.......................#
#.........#...............##
#.......####....(......#.## ##.#...##
##.........######## #.#..## ###.....##.#.#.#.#
###### ##..#####.#.#.## #### #######


You could see a deep troll shaped shifter (ally target) and a friendly larval
shockox beast (summoned).

Vanquished Creatures
  Pikel (D:10)
  Maggie (D:6)
  2 trolls (D:10)
  A hornet (D:7)
  10 yaks
  A wyvern (D:9)
  A basilisk (D:9)
  A steam dragon (D:7)
  A vampire mosquito (D:10)
  An acid dragon (D:8)
  A water moccasin (D:7)
  2 orc warriors
  A sky beast (D:8)
  3 black bears
  2 ice beasts
  A hornet zombie (D:8)
  An ogre (D:4)
  2 centaurs
  2 lemures (D:10)
  4 kobold brigands
  3 bullfrogs
  A scorpion (D:6)
  6 killer bees
  2 howler monkeys (D:8)
  A crimson imp (D:5)
  4 centaur zombies
  A bullfrog zombie (D:5)
  A centaur skeleton (D:4)
  2 hounds
  2 jellies
  Crazy Yiuf (D:4)
  5 orc priests
  Jessica (D:2)
  An iguana (D:4)
  6 orc wizards
  A killer bee zombie (D:8)
  A howler monkey zombie (D:7)
  Robin (D:3)
  4 gnolls
  A howler monkey skeleton (D:6)
  6 adders
  A river rat (D:6)
  An ufetubus (D:5)
  2 adder skeletons
  3 worms
  3 dart slugs
  25 orcs
  5 endoplasms
  3 giant cockroaches
  17 goblins
  17 hobgoblins
  3 jackals (D:3)
  24 kobolds
  4 quokkas
  12 ball pythons
  9 bats
  A frilled lizard (D:1)
  5 rats
225 creatures vanquished.

Vanquished Creatures (others)
  6 fungi
  A plant (D:9)
7 creatures vanquished.

Grand Total: 232 creatures vanquished

Notes
Turn   | Place    | Note
-------+----------+-------------------------------------------
     0 | D:1      | petzl the Formicid Arcane Marksman began the quest for the
                  | Orb.
     0 | D:1      | Reached XP level 1. HP: 15/15 MP: 2/2
    59 | D:1      | Reached XP level 2. HP: 21/21 MP: 3/3
   159 | D:1      | Reached XP level 3. HP: 22/26 MP: 5/5
   343 | D:1      | Reached skill level 1 in Stealth
  1077 | D:2      | Reached XP level 4. HP: 33/33 MP: 6/6
  1077 | D:2      | Found a hide-covered altar of Uskayaw.
  1090 | D:2      | Reached skill level 1 in Armour
  1679 | D:2      | Noticed Jessica
  1688 | D:2      | Killed Jessica
  2014 | D:3      | Reached XP level 5. HP: 38/38 MP: 7/7
  2078 | D:3      | Reached skill level 2 in Spellcasting
  2162 | D:3      | You fall into a shaft and drop 2 floors!
  2162 | D:5      | Entered Level 5 of the Dungeon
  2404 | D:5      | Noticed a black bear
  2415 | D:4      | You fall into a shaft and drop 1 floor!
  2415 | D:5      | Found Yked's Magic Scroll Shoppe.
  2582 | D:4      | Noticed an ogre
  2620 | D:4      | Killed an ogre
  2621 | D:4      | Reached XP level 6. HP: 25/46 MP: 4/9
  3463 | D:4      | Found a runed translucent door.
  3464 | D:4      | Noticed Crazy Yiuf
  3802 | D:4      | Noticed Pargi
  4408 | D:2      | Reached skill level 1 in Shields
  4624 | D:3      | Reached XP level 7. HP: 50/52 MP: 10/10
  4636 | D:3      | Noticed Robin
  4766 | D:3      | Killed Robin
  4767 | D:3      | Reached skill level 1 in Evocations
  5719 | D:5      | Found a staircase to the Ecumenical Temple.
  5733 | Temple   | Entered the Ecumenical Temple
  5945 | Temple   | Became a worshipper of Vehumet
  6028 | D:5      | Learned a level 5 spell: Lightning Bolt
  6201 | D:4      | You fall into a shaft and drop 2 floors!
  6430 | D:6      | Reached skill level 3 in Spellcasting
  6812 | D:6      | Reached skill level 1 in Conjurations
  6832 | D:6      | Reached XP level 8. HP: 14/58 MP: 2/12
  7459 | D:5      | Bought a scroll of fear for 45 gold pieces
  7459 | D:5      | Bought a scroll of magic mapping for 45 gold pieces
  7459 | D:5      | Bought a scroll of summoning for 123 gold pieces
  7498 | D:5      | Reached skill level 1 in Air Magic
  8172 | D:5      | Found a burning altar of Makhleb.
  8787 | D:4      | Killed Crazy Yiuf
  9559 | D:6      | Reached skill level 4 in Spellcasting
  9596 | D:6      | Identified the +1 ring mail of Gifim {rElec}
  9636 | D:6      | Noticed Maggie
  9654 | D:6      | Killed Maggie
  9655 | D:6      | Reached XP level 9. HP: 18/65 MP: 5/15
 10287 | D:7      | Noticed Joseph
 10779 | D:8      | Noticed a troll
 10779 | D:8      | Found a large runed translucent door.
 10864 | D:8      | Found a large runed translucent door.
 10868 | D:8      | Noticed a gargoyle
 10873 | D:8      | Noticed a hornet
 10881 | D:8      | Found a large runed translucent door.
 10881 | D:8      | Found a large runed translucent door.
 10898 | D:8      | Reached skill level 1 in Staves
 11063 | D:8      | You are sucked into a shaft and drop 2 floors!
 11063 | D:10     | Entered Level 10 of the Dungeon
 11125 | D:10     | Noticed a troll
 11135 | D:10     | Reached skill level 5 in Spellcasting
 11136 | D:10     | Reached * piety under Vehumet
 11136 | D:10     | Offered knowledge of Magic Dart by Vehumet.
 11144 | D:10     | Reached skill level 5 in Stealth
 11146 | D:10     | Learned a level 1 spell: Magic Dart
 11282 | D:10     | Reached XP level 10. HP: 38/73 MP: 10/17
 11564 | D:10     | Reached skill level 5 in Fighting
 11753 | D:10     | Learned a level 3 spell: Ozocubu's Armour
 12063 | D:10     | Noticed a centaur warrior
 12231 | D:10     | Noticed a cyclops
 12502 | D:10     | Reached skill level 6 in Spellcasting
 12506 | D:10     | Reached skill level 1 in Ice Magic
 12535 | D:10     | Noticed a manticore
 12677 | D:10     | Reached skill level 5 in Armour
 12722 | D:9      | Noticed Pikel
 12874 | D:10     | Killed Pikel
 13175 | D:9      | Reached skill level 5 in Conjurations
 13295 | D:9      | Reached XP level 11. HP: 61/80 MP: 13/20
 13390 | D:9      | Found a staircase to the Lair.
 14228 | D:8      | Found Oseriekesi's Jewellery Shop.
 14449 | D:7      | You are sucked into a shaft and drop 1 floor!
 14971 | D:7      | Reached skill level 5 in Dodging
 15190 | D:9      | Reached skill level 7 in Spellcasting
 15338 | D:8      | Noticed a two-headed ogre
 15366 | D:8      | Noticed a green ugly thing
 15470 | D:8      | Noticed a glowing shapeshifter
 15470 | D:8      | a troll changed into a glowing shapeshifter
 15470 | D:8      | Noticed a deep troll
 15470 | D:8      | a glowing shapeshifter changed into a deep troll
 15473 | D:8      | HP: 4/81 [deep troll (glowing shapeshifter) (9)]
 15473 | D:8      | Mangled by a deep troll (glowing shapeshifter)

Illustrated notes

Levels and vault maps discovered:
D:1:      lightli_arrival_statue_moat, layout_rooms
D:2:      layout_basic, basic_altar, uniq_jessica
D:3:      layout_basic, minmay_puff, uniq_robin
D:4:      layout_basic, uniq_crazy_yiuf_cottage, uniq_pargi
D:5:      layout_basic, makhleb_grotto_becter,
          minmay_temple_entry_drinking_statues, serial_shops, shop
D:6:      cheibrodos_thug_alley, layout_basic,
          nicolae_ossuary_entry_false_entrances, portal_sewer_entry_b,
          uniq_maggie
D:7:      layout_loops_ring, uniq_joseph
D:8:      layout_cave_pools, serial_shops, nicolae_shop_advertising_works
          [nicolae_subvault_shop_adworks], minmay_hollow_rounded_squares
D:9:      layout_big_octagon, amcnicky_altar_gilded, david_lair_generic,
          nicolae_fountain_basement, uniq_pikel
D:10:     minmay_diamond_stairs, layout_long_grid, minivault_14
Temple:   mainiacjoe_temple_cubbyholes

Skill      XL: |  1  2  3  4  5  6  7  8  9 10 11 |
---------------+----------------------------------+-----
Dodging        | 2 3 4 5 |  5.0
Stealth        | 1 2 3 4 5 6 |  6.6
Fighting       | 2 3 4 5 6 |  6.0
Armour         | 1 2 3 4 5 |  5.0
Spellcasting   | 2 3 4 5 6 7 |  7.0
Crossbows      | 3 4 |  4.0
Shields        | 1 2 3 4 |  4.0
Evocations     | 1 2 3 4 |  4.0
Conjurations   | 1 2 3 5 |  5.6
Air Magic      | 1 2 3 |  3.5
Staves         | 1 3 |  3.0
Ice Magic      | 1 2 |  2.4
Hexes          | |  3.7

Action                   |  1- 3 |  4- 6 |  7- 9 | 10-12 || total
-------------------------+-------+-------+-------+-------++-------
Melee: Mace              |    19 |   225 |   243 |       ||   487
       Quarterstaff      |       |       |   143 |   227 ||   370
       Whip              |       |       |     2 |       ||     2
 Fire: Hand crossbow     |    57 |    25 |    45 |    45 ||   172
       Shortbow          |       |       |    22 |       ||    22
Throw: Dart              |       |    25 |     4 |     3 ||    32
       Throwing net      |       |       |     1 |       ||     1
 Cast: Slow              |       |    20 |    61 |    43 ||   124
       Ozocubu's Armour  |       |       |       |     1 ||     1
 Abil: Dig               |       |     5 |    10 |    10 ||    25
       Shaft Self        |       |     2 |     2 |     1 ||     5
Evoke: Wand              |       |       |     2 |     2 ||     4
       Box of beasts     |       |       |       |     1 ||     1
  Use: Potion            |       |     1 |     5 |     4 ||    10
       Scroll            |       |     3 |     5 |     5 ||    13
 Stab: Sleeping          |       |     1 |       |     1 ||     2
       Distracted        |       |     1 |       |       ||     1
       Paralysed         |       |       |     1 |     1 ||     2
       Petrified         |       |       |       |     2 ||     2
Armor: Ring mail         |    13 |   108 |   178 |    85 ||   384
       Acid dragon scale |       |       |       |    10 ||    10
Dodge: Dodged            |    22 |   147 |   297 |   188 ||   654

Table legend: (Time is in decaauts)
 A = Elapsed time spent in this place.
 B = Non-inter-level travel time spent in this place.
 C = Inter-level travel time spent in this place.
 D = Time resting spent in this place.
 E = Time spent auto-exploring this place.
 F = Levels seen in this place.
 G = Mean time per level.
                   A        B        C        D        E       F      G
               +--------+--------+--------+--------+--------+-----+--------+
         Total |  15815 |  15175 |    640 |   5236 |   3737 |  11 | 1437.7 |
       Dungeon |  15578 |  14962 |    616 |   5236 |   3541 |  10 | 1557.8 |
        Temple |    236 |    212 |     24 |      0 |    196 |   1 |  236.0 |
               +--------+--------+--------+--------+--------+-----+--------+

Top non-repeatable levels by time:
     D:4: 2417 daAuts
    D:10: 2001 daAuts
     D:5: 1821 daAuts
     D:6: 1795 daAuts
     D:2: 1577 daAuts
     D:7: 1558 daAuts
     D:3: 1533 daAuts
     D:9: 1138 daAuts
     D:8: 995 daAuts
     D:1: 738 daAuts
  Temple: 236 daAuts
